 Dungeon Crawl Stone Soup version 0.20-a0-1089-g3fde505 (webtiles) character file.

143 JeffiDaFish the Sneak (level 5, 0/42 HPs)
             Began as a Draconian Assassin on May 3, 2017.
             Killed by divine providence
             ... invoked by an orc priest
              (15 damage)
             ... on level 3 of the Dungeon.
             The game lasted 00:10:44 (2525 turns).

JeffiDaFish the Sneak (Draconian Assassin)          Turns: 2525, Time: 00:10:45

Health: 0/42       AC:  7    Str: 10 (13) XL:     5   Next: 4%
Magic:  4/4        EV: 12    Int: 12      God:
Gold:   102        SH:  0    Dex: 12 (13) Spells: 4/4 levels left

rFire    . . .     SeeInvis .   a - +2 dagger
rCold    . . .     Gourm    .   (no shield)
rNeg     . . .     Faith    .   (armour unavailable)
rPois    .         Spirit   .   (helmet restricted)
rElec    +         Reflect  .   c - +1 cloak
rCorr    .         Harm     .   (no gloves)
MR       .....                  (no boots)
Stlth    +++.......             j - amulet of rage
Regen    0.2/turn               (no ring)
MPRegen  0.1/turn               (no ring)

@: no status effects
A: unfitting armour, low mp 1, electricity resistance, no potion heal 1,
cold-blooded, AC +5
a: Evoke Berserk Rage


You were on level 3 of the Dungeon.
You were not hungry.

You visited 1 branch of the dungeon, and saw 3 of its levels.

You collected 102 gold pieces.

Inventory:

Hand Weapons
 a - a +2 dagger (weapon)
 b - a +0 blowgun
Missiles
 e - 2 curare-tipped needles
 g - 3 poisoned needles (quivered)
Armour
 c - a +1 cloak (worn)
Jewellery
 j - an amulet of rage (around neck)
Scrolls
 i - a scroll of fear
 m - a scroll of amnesia
Potions
 l - a potion of heal wounds
Comestibles
 f - 3 bread rations
 h - 3 meat rations
 k - a royal jelly


   Skills:
 + Level 2.7 Fighting
 + Level 2.6 Short Blades
 + Level 2.5 Throwing
 * Level 1.9 Dodging
 * Level 4.8 Stealth


You had 4 spell levels left.
You didn't know any spells.

Dungeon Overview and Level Annotations

Branches:
Dungeon (3/15)

Altars:


Innate Abilities, Weirdness & Mutations

Your plain brown scales are hard. (AC +5)
You cannot fit into any form of body armour.
You are cold-blooded and may be slowed by cold attacks.
Your magical capacity is low. (-10% MP)
You are resistant to electric shocks. (rElec)
Potions are less effective at restoring your health.


Message History

The orc shouts!
You hit the orc but do no damage.
Your tail-slap misses the orc.
The orc is heavily wounded.
The orc priest invokes the aid of Beogh against you.
Beogh smites you! The orc closely misses you.
The orc priest shouts!
You hit the orc but do no damage.
The orc is heavily wounded.
You hit the orc.
You tail-slap the orc, but do no damage.
The orc is severely wounded.
The orc barely misses you.
The orc priest invokes the aid of Beogh against you.
Beogh smites you!
The orc priest calls upon Beogh to heal the orc.
The orc's wounds heal themselves!
The orc priest looks satisfied for a moment.
The orc priest mumbles some strange prayers to Beogh against you.
Beogh smites you!
You die...

#.###.# #.##.# #.# #.##.#
#.# #.##.###.# #.##.##...
#.##.##### #.##### #.##.#
.......###########.##.#####
..........@.o...ooo........
.......###########o##.#####
#..#... ######.##.# . .....
#......##.# #.<..h.
#.#######.# ##b.... #. #.#
....... o. ... ##.#... ##o
.. ho #


You could see an orc priest and 2 orcs.

Vanquished Creatures
  2 orc wizards (D:3)
  4 adders (D:2)
  A worm (D:2)
  A dart slug (D:1)
  A leopard gecko (D:2)
  2 orcs (D:3)
  2 giant cockroaches
  2 goblins
  A hobgoblin (D:1)
  6 jackals
  A quokka (D:2)
  A ball python (D:2)
  6 bats
  4 frilled lizards
  6 kobolds
  12 rats
52 creatures vanquished.

Notes
Turn   | Place    | Note
-------+----------+-------------------------------------------
     0 | D:1      | JeffiDaFish the Draconian Assassin began the quest for the Orb.
     0 | D:1      | Reached XP level 1. HP: 17/17 MP: 1/1
   345 | D:1      | Reached skill level 4 in Stealth
   424 | D:1      | Reached XP level 2. HP: 25/25 MP: 2/2
   463 | D:1      | Reached skill level 1 in Dodging
  1226 | D:2      | Reached XP level 3. HP: 26/30 MP: 3/3
  1483 | D:2      | Gained mutation: Your magical capacity is low. (-10% MP) [potion of mutation]
  1483 | D:2      | Gained mutation: Potions are less effective at restoring your health. [potion of mutation]
  1483 | D:2      | Gained mutation: You are resistant to electric shocks. (rElec) [potion of mutation]
  1694 | D:2      | Reached XP level 4. HP: 34/37 MP: 3/3
  2237 | D:3      | Reached XP level 5. HP: 22/42 MP: 4/4
  2525 | D:3      | Killed from afar by an orc priest

Vault maps used:
D:1:      dpeg_arrival_lava_temple_mockup
D:2:      first_bread
D:3:      kennysheep_goblin_castle, uniq_robin

Skill      XL: |  1  2 |
---------------+-------+-----
Stealth        | 4 |  4.8
Dodging        | 1 |  1.9
Throwing       | 2 |  2.5
Fighting       | |  2.7
Short Blades   | |  2.6

Action                   |  1- 3 |  4- 6 || total
-------------------------+-------+-------++-------
Melee: Dagger            |    86 |    40 ||   126
       Tailslap          |     6 |     7 ||    13
       Blowgun           |     2 |       ||     2
 Fire: Blowgun           |    31 |     9 ||    40
  Use: Potion            |     5 |       ||     5
       Scroll            |     4 |     1 ||     5
 Stab: Sleeping          |     4 |     4 ||     8
  Eat: Chunk             |     2 |     3 ||     5
Armor: Skin              |    35 |    11 ||    46
Dodge: Dodged            |    46 |    22 ||    68
